 Dungeon Crawl Stone Soup version 0.23.2-1-ga50397a6bc (webtiles) character file.

Game seed: 5478807238538518822

538719 HuneSparrow the Hoplite (level 25, -7/240 HPs)
             Began as a Minotaur Fighter on Apr 18, 2019.
             Was the Champion of Makhleb.
             Mangled by an azure jelly (39 damage)
             ... while paralysed by a floating eye
             ... on level 5 of the Pits of Slime on May 2, 2019.
             The game lasted 06:31:04 (49389 turns).

HuneSparrow the Hoplite (Minotaur Fighter)         Turns: 49389, Time: 06:31:06

Health: -7/240     AC:  5    Str: 34 (35) XL:     25   Next: 19%
Magic:  27/27      EV:  2    Int:  7      God:    Makhleb [******]
Gold:   3597       SH:  0    Dex:  9      Spells: 29/29 levels left

rFire    + . .     SeeInvis +   L - +6 demon blade (elec)
rCold    . . .     Gourm    .   w - +8 large shield of Negation {Stlth+}
rNeg     + + +     Faith    .   l - +5 chain mail of Hangman {*Contam rPois MR++ Str+2}
rPois    +         Spirit   .   k - +1 hat
rElec    +         Reflect  .   T - scarf {repulsion}
rCorr    +         Harm     .   q - +0 pair of gloves "Gosemoleto" {MR+ Regen+ Slay-2 SInv}
MR       +++++     Clarity  +   a - +2 pair of boots {Fly}
Stlth    ..........             J - amulet "Fur Junesk" {rF+ MR+ Regen+}
HPRegen  1.30/turn              U - ring "Hecorr" {rCorr Int+2}
MPRegen  0.20/turn              M - ring of the Burgomaster {rElec rN+++ Str+4 Dex-5 Stlth+}

@: paralysed, corroded, flying, repel missiles
A: retaliatory headbutt, horns 2, clarity, deterioration 2, mutation resistance
1, MP-powered wands
}: 2/15 runes: barnacled, gossamer
a: Minor Destruction, Lesser Servant of Makhleb, Major Destruction, Greater
Servant of Makhleb, Renounce Religion, Stop Flying


You were on level 5 of the Pits of Slime.
You worshipped Makhleb.
Makhleb was exalted by your worship.
You were not hungry.

You visited 8 branches of the dungeon, and saw 44 of its levels.
You also visited: Sewer, Ossuary and Ice Cave.

You collected 5645 gold pieces.
You spent 2048 gold pieces at shops.

Inventory:

Hand Weapons
 r - a +4 scimitar of holy wrath
 L - a +6 demon blade of electrocution (weapon)
Armour
 a - a +2 pair of boots of flying (worn)
 k - a +1 hat (worn)
 l - the +5 chain mail of Hangman (worn) {*Contam rPois MR++ Str+2}
   (You found it on level 3 of the Spider Nest)

   It affects your strength (+2).
   It protects you from poison.
   It affects your resistance to hostile enchantments.
   It causes magical contamination when unequipped.
 q - the +0 pair of gloves "Gosemoleto" (worn) {MR+ Regen+ Slay-2 SInv}
   (You found it in an ice cave)

   It affects your accuracy and damage with ranged weapons and melee attacks
   (-2).
   It affects your resistance to hostile enchantments.
   It lets you see invisible.
   It increases your rate of regeneration.
 s - a +0 cloak of cold resistance
 w - the +8 large shield of Negation (worn) {Stlth+}
   (You bought it in a shop on level 2 of the Orcish Mines)

   It makes you more stealthy.
 T - a scarf of repulsion (worn)
Jewellery
 y - the ring "Fafuo" {rN+ MR++}
   (You found it on level 1 of the Depths)

   [ring of positive energy]

   It protects you from negative energy.
   It affects your resistance to hostile enchantments.
 E - the ring "Oshaotus" {rPois rN+ AC+3 Dex+4}
   (You took it off a deep elf master archer on level 3 of the Elven Halls)

   [ring of protection]

   It affects your AC (+3).
   It affects your dexterity (+4).
   It protects you from poison.
   It protects you from negative energy.
 I - the ring of Uschygg {rF+ AC+5}
   (You found it on level 4 of the Shoals)

   [ring of protection]

   It affects your AC (+5).
   It protects you from fire.
 J - the amulet "Fur Junesk" (around neck) {rF+ MR+ Regen+}
   (You found it on level 6 of the Dungeon)

   [amulet of regeneration]

   It protects you from fire.
   It affects your resistance to hostile enchantments.
   It increases your rate of regeneration.
 M - the ring of the Burgomaster (right hand) {rElec rN+++ Str+4 Dex-5 Stlth+}
   (You found it on level 8 of the Dungeon)

   [ring of strength]

   It affects your strength (+4).
   It affects your dexterity (-5).
   It insulates you from electricity.
   It renders you almost immune to negative energy.
   It makes you more stealthy.
 U - the ring "Hecorr" (left hand) {rCorr Int+2}
   (You found it on level 12 of the Dungeon)

   [ring of resist corrosion]

   It affects your intelligence (+2).
Wands
 m - a wand of digging (17)
 p - a wand of clouds (3)
 N - a wand of polymorph (3)
 O - a wand of enslavement (12)
 Q - a wand of disintegration (29)
Scrolls
 c - 2 scrolls of magic mapping
 e - 8 scrolls of fog
 g - 21 scrolls of teleportation
 o - 4 scrolls of blinking
 t - a scroll of immolation
 v - 2 scrolls of brand weapon
 D - 5 scrolls of fear
 K - 4 scrolls of summoning
 P - 3 scrolls of torment
 R - 11 scrolls of remove curse
 S - a scroll of silence
 V - 9 scrolls of enchant armour
 W - 6 scrolls of identify
Potions
 b - a potion of brilliance
 d - 3 potions of agility
 i - 6 potions of haste
 j - 4 potions of cancellation
 n - 22 potions of heal wounds
 u - 2 potions of berserk rage
 z - 6 potions of lignification
 A - 20 potions of curing
 B - 5 potions of ambrosia
 C - 2 potions of mutation
 F - 5 potions of might
 G - 4 potions of flight
 X - 3 potions of resistance
Miscellaneous
 h - a phial of floods
 H - a box of beasts
 Y - 3 sacks of spiders
 Z - a lightning rod (4/4)
Comestibles
 f - 62 rations


   Skills:
 + Level 22.6 Fighting
 + Level 24.9 Long Blades
 + Level 17.5 Armour
 + Level 13.2 Dodging
 - Level 1.0 Stealth
 - Level 25.3 Shields
 + Level 2.5 Spellcasting
 + Level 7.0 Evocations


You had 29 spell levels left.
You didn't know any spells.
Your spell library contained the following spells:

 Spells                   Type           Power        Failure   Level  Hunger
 Animate Skeleton         Necr           N/A          67%         1    ##.....
 Apportation              Tloc           #.....       67%         1    ##.....
 Beastly Appendage        Tmut           #.....       67%         1    ##.....
 Confusing Touch          Hex            #.....       67%         1    ##.....
 Corona                   Hex            #......      67%         1    ##.....
 Flame Tongue             Conj/Fire      #....        67%         1    ##.....
 Freeze                   Ice            #...         67%         1    ##.....
 Infusion                 Chrm           #...         67%         1    ##.....
 Pain                     Necr           #...         67%         1    ##.....
 Summon Butterflies       Summ           #.......     67%         1    ##.....
 Summon Small Mammal      Summ           #...         67%         1    ##.....
 Call Imp                 Summ           #.......     82%         2    ###....
 Corpse Rot               Necr           N/A          82%         2    ###....
 Ensorcelled Hibernation  Hex/Ice        #.....       82%         2    ###....
 Passwall                 Tmut/Erth      #.......     82%         2    ###....
 Shroud of Golubria       Chrm/Tloc      #.........   82%         2    ###....
 Slow                     Hex            #.......     82%         2    ###....
 Song of Slaying          Chrm           #.......     82%         2    ###....
 Sublimation of Blood     Necr           #.........   82%         2    ###....
 Swiftness                Chrm/Air       #.......     82%         2    ###....
 Throw Flame              Conj/Fire      #.....       82%         2    ###....
 Throw Frost              Conj/Ice       #.....       82%         2    ###....
 Call Canine Familiar     Summ           #.......     96%         3    ####...
 Confuse                  Hex            #.......     96%         3    ####...
 Conjure Flame            Conj/Fire      #.......     96%         3    ####...
 Gell's Gravitas          Tloc           #.........   96%         3    ####...
 Inner Flame              Hex/Fire       #.......     96%         3    ####...
 Lesser Beckoning         Tloc           #.........   96%         3    ####...
 Ozocubu's Armour         Chrm/Ice       #.......     96%         3    ####...
 Portal Projectile        Hex/Tloc       #.....       96%         3    ####...
 Recall                   Summ/Tloc      N/A          96%         3    ####...
 Regeneration             Chrm/Necr      #.........   96%         3    ####...
 Spectral Weapon          Hex/Chrm       #.......     96%         3    ####...
 Tukima's Dance           Hex            #.......     96%         3    ####...
 Animate Dead             Necr           N/A          100%        4    #####..
 Cause Fear               Hex            #.........   100%        4    #####..
 Fulminant Prism          Conj/Hex       #.........   100%        4    #####..
 Leda's Liquefaction      Hex/Erth       #.........   100%        4    #####..
 Passage of Golubria      Tloc           N/A          100%        4    #####..
 Petrify                  Tmut/Erth      #.......     100%        4    #####..
 Sticky Flame             Conj/Fire      #.......     100%        4    #####..
 Summon Ice Beast         Ice/Summ       #.......     100%        4    #####..
 Throw Icicle             Conj/Ice       #.......     100%        4    #####..
 Agony                    Necr           #.......     100%        5    ######.
 Alistair's Intoxication  Tmut/Pois      #.......     100%        5    ######.
 Aura of Abjuration       Summ           #.........   100%        5    ######.
 Bolt of Draining         Conj/Necr      #.........   100%        5    ######.
 Borgnjor's Vile Clutch   Necr/Erth      #.........   100%        5    ######.
 Dispel Undead            Necr           #.......     100%        5    ######.
 Excruciating Wounds      Chrm/Necr      #.........   100%        5    ######.
 Fireball                 Conj/Fire      #.........   100%        5    ######.
 Lee's Rapid Deconstruct  Erth           #.........   100%        5    ######.
 Metabolic Englaciation   Hex/Ice        #.........   100%        5    ######.
 Silence                  Hex/Air        #.........   100%        5    ######.
 Summon Demon             Summ           #.........   100%        5    ######.
 Summon Forest            Summ/Tloc      #.........   100%        5    ######.
 Summon Mana Viper        Hex/Summ       #.......     100%        5    ######.
 Yara's Violent Unravell  Hex/Tmut       #.........   100%        5    ######.
 Darkness                 Hex            #.........   100%        6    #######
 Death Channel            Necr           #.........   100%        6    #######
 Deflect Missiles         Chrm/Air       #.........   100%        6    #######
 Freezing Cloud           Conj/Ice/Air   #.........   100%        6    #######
 Invisibility             Hex            #.......     100%        6    #######
 Shadow Creatures         Summ           N/A          100%        6    #######
 Simulacrum               Ice/Necr       #.........   100%        6    #######
 Dragon Form              Tmut           #.........   100%        7    #######
 Spellforged Servitor     Conj/Summ      #.........   100%        7    #######
 Summon Hydra             Summ           #.........   100%        7    #######
 Discord                  Hex            #.........   100%        8    #######


Dungeon Overview and Level Annotations

Branches:
Dungeon (15/15)            Temple (0/1) D:5            Lair (6/6) D:11
 Shoals (4/4) Lair:4       Spider (4/4) Lair:3        Slime (5/5) Lair:6
    Orc (2/2) D:10            Elf (3/3) Orc:2        Vaults (0/5) D:14
 Depths (5/5) D:15            Zot (0/5) Depths:5

Altars:
Cheibriados
Elyvilon
Gozag
Kikubaaqudgha
Makhleb
Nemelex Xobeh
Qazlal
Ru
Sif Muna
Trog
Wu Jian
Xom
Yredelemnul
Zin
Beogh
Jiyva

Shops:
D:4 ?   D:15 %   Orc:2 %![*   Elf:1 [   Elf:3 [**!

Portals:
Hell: Depths:1 Depths:2 Depths:3 Depths:4 Depths:5
Abyss: Depths:1 Depths:4
Ziggurat: Depths:4

Annotations:
D:3 1 runed translucent door, Banto's ghost, amateur DgWn
D:9 2 transporters, spacerossing's ghost, novice HOGl
D:10 3 runed translucent doors, chimenez's ghost, journeyman TrHu
Lair:2 exclusion: oklob plant
Elf:3 Mara
Depths:2 exclusion: orange crystal statue


Innate Abilities, Weirdness & Mutations

You reflexively headbutt those who attack you in melee.
You have a pair of horns on your head.
You possess an exceptional clarity of mind.
Your body often deteriorates upon taking damage.
You are somewhat resistant to further mutation.
You expend magic power (3 MP) to strengthen your wands.


Message History

Two slime creatures merge to form a titanic slime creature.
The acid blob spits acid at you. The splash of acid hits you. You resist.
You are splashed with acid.
You resist.
The floating eye gazes piercingly through you!
You suddenly lose the ability to move!
The floating eye's view fixates on you. The acid blob hits you!!
* * * LOW HITPOINT WARNING * * *
Your body deteriorates!
You feel weakened.
You are splashed with acid.
You resist.
* * * LOW HITPOINT WARNING * * *
The azure jelly hits you.
* * * LOW HITPOINT WARNING * * *
The azure jelly freezes you!!
* * * LOW HITPOINT WARNING * * *
The azure jelly hits you!
* * * LOW HITPOINT WARNING * * *
The azure jelly freezes you!!!
You die...

....................... ......
........................ ......
........^.J............^.........
#................................
##.........JJ....................
#.#..........J..................
####.........J..................
#..........JJ................
##.........G@................
##..........................
#..........................
##.......................##
####.##........<.......###
#######............## #
###..........# #.##.#...#### ##
##.##.#


You could see 3 acid blobs, an azure jelly, a titanic slime creature, a large
slime creature, a slime creature and a floating eye.

Vanquished Creatures
  Dissolution (Slime:3)
  An ancient lich (Depths:2)
  A juggernaut (shapeshifter) (Depths:5)
  A juggernaut (Depths:4)
  Bai Suzhen (Depths:2)
  Frederick (Depths:5)
  Saint Roka (Depths:2)
  A caustic shrike (Depths:4)
  The ghost of Yjatsa the Warrior, an adept DgCj (Depths:1)
  2 golden dragons (Depths:4)
  2 Ice Fiends (IceCv)
  A lich (Depths:4)
  Jorgrun (Orc:1)
  3 tentacled monstrosities
  A deep elf blademaster (Elf:2)
  A titan (Depths:4)
  A quicksilver dragon (Depths:4)
  2 deep elf master archers
  A kraken (Shoals:4)
  18 acid blobs
  2 sphinxes
  2 shadow dragons (Depths:5)
  5 storm dragons
  4 tengu reavers
  Donald (Shoals:2)
  4 deep elf sorcerers
  8 azure jellies
  3 spectral juggernauts (Depths:1)
  2 draconian knights (Depths:5)
  Aizul (Depths:3)
  3 emperor scorpions (Spider:4)
  8 fire giants
  7 frost giants
  An iron dragon (Depths:4)
  Louise (Depths:4)
  3 ghost moths (Spider:4)
  2 spriggan defenders (Depths:4)
  A draconian annihilator (Depths:5)
  3 deep elf elementalists
  22 very ugly things
  A juggernaut zombie (Depths:1)
  10 stone giants
  A vampire knight (Depths:5)
  3 entropy weavers
  2 deep elf demonologists
  A green draconian (Depths:5)
  The ghost of kevinv12000 the Unseen, a journeyman SpEn of Dithmenos (Orc:1)
  4 spark wasps
  9 deep elf annihilators
  2 purple draconians (Depths:5)
  2 red draconians (Depths:5)
  A black draconian (Depths:4)
  4 spectral titans (Depths:1)
  The ghost of SanSoy the Fighter, a journeyman GnWn of Okawaru (Orc:2)
  3 dire elephants
  2 eidola (Depths:2)
  3 death oozes
  8 ettins
  8 deep elf death magi
  2 merfolk javelineers (Shoals:4)
  9 fire dragons
  4 yaktaur captains
  5 deep elf high priests
  9 great orbs of eyes
  5 merfolk impalers
  5 spriggan air magi
  4 ice dragons
  6 rakshasas
  A juggernaut simulacrum (Depths:3)
  8 hydras
  Erolcha (Orc:1)
  5 merfolk aquamancers
  5 merfolk avatars
  An alligator snapping turtle (Shoals:3)
  2 centaur warriors
  2 catoblepae (Lair:6)
  3 satyrs (Shoals:3)
  5 deep troll shamans
  24 dancing weapons
  15 death yaks
  2 ogre magi (Depths:1)
  5 tengu warriors
  8 death scarabs (Spider:4)
  7 deep troll earth magi
  10 two-headed ogres (Depths:1)
  2 vampire magi
  5 spriggan berserkers
  A titan zombie (Depths:1)
  Sonja (Lair:4)
  19 deep elf knights
  2 fire crabs (Shoals:2)
  3 iron trolls
  5 small abominations
  9 hell knights
  2 shadow wraiths (Depths:2)
  16 skeletal warriors
  A spark wasp zombie (Depths:3)
  7 sea snakes
  A golden dragon zombie (Depths:3)
  A death drake (Depths:2)
  15 deep trolls
  3 flayed ghosts (Depths:2)
  4 unseen horrors
  2 wizards
  A spectral hydra (Depths:2)
  6 glowing orange brains
  An orange crystal statue (Depths:2)
  13 deep elf archers
  3 spectral wolf spiders (Spider:4)
  Pikel (D:5)
  2 harpies (Shoals:4)
  2 golden dragon skeletons (Depths:2)
  A phantasmal warrior (Depths:2)
  5 necromancers
  13 orb spiders
  3 mana vipers (Depths:2)
  An oklob plant (Orc:1)
  A wolf spider zombie (Spider:4)
  8 large abominations (Depths:1)
  6 orc knights
  70 deep elf magi
  5 cyclopes
  3 stone giant zombies (Depths:1)
  12 orc sorcerers
  9 shining eyes
  106 slime creatures
  22 ugly things
  A salamander (D:15)
  29 wolf spiders
  11 manticores
  8 fauns
  13 elephants
  4 water nymphs (Shoals:4)
  2 moths of wrath (Spider:4)
  A titan simulacrum (Depths:1)
  An eye of devastation (shapeshifter) (Depths:4)
  10 spiny frogs
  5 merfolk sirens
  2 eyes of devastation
  A spriggan skeleton (Depths:3)
  A gargoyle (D:11)
  4 black mambas
  5 spectral redbacks (Spider:4)
  2 ice statues (IceCv)
  5 spectral swamp worms (Depths:1)
  3 rime drakes
  2 torpor snails
  2 freezing wraiths (D:15)
  A spectral merfolk (Depths:2)
  19 yaktaurs
  7 komodo dragons
  An anaconda simulacrum (Depths:2)
  14 ice devils (IceCv)
  5 tengu conjurers
  5 demonic crawlers
  3 meliai (Spider:2)
  28 merfolk
  4 trolls
  22 jumping spiders
  3 hornets
  A spectral jumping spider (Spider:4)
  2 raiju
  4 snapping turtles
  5 spectral tarantellas (Spider:4)
  6 blink frogs
  A tengu simulacrum (Depths:2)
  A meliai zombie (D:13)
  11 hippogriffs
  4 wind drakes (Shoals:4)
  15 dream sheep
  3 stone giant simulacra (Depths:1)
  31 redbacks
  2 air elementals (Elf:1)
  7 shadows
  27 tarantellas
  38 yaks
  2 yaks (shapeshifter)
  A spriggan (Depths:5)
  A wyvern (D:15)
  4 vampires
  A human (shapeshifter) (Depths:4)
  5 wraiths
  3 basilisks
  2 fire bats
  24 water elementals
  12 golden eyes
  3 fire elementals
  A hungry ghost (D:15)
  A chaos spawn (Depths:1)
  A steam dragon (D:8)
  10 vampire mosquitoes
  14 wargs
  An acid dragon (shapeshifter) (Depths:4)
  8 water moccasins
  2 spectral trolls (Depths:2)
  6 hell hounds (Depths:2)
  A floating eye (Depths:2)
  41 orc warriors
  6 porcupines
  3 spectral spriggans (Depths:2)
  4 slaves (D:5)
  A snapping turtle zombie (Depths:2)
  2 spectral hornets (Spider:4)
  11 eyes of draining
  2 hornet zombies (Spider:4)
  2 black bears
  3 ice beasts
  4 phantoms
  5 sky beasts
  7 centaurs
  5 wolves
  20 ogres
  10 crocodiles
  9 big kobolds
  Blork the orc (D:4)
  5 gnoll sergeants
  11 bullfrogs
  An earth elemental (Elf:1)
  A wyvern zombie (D:13)
  3 wyvern skeletons (D:14)
  6 scorpions
  A tengu zombie (Depths:2)
  2 spectral nagas (Depths:2)
  29 killer bees
  4 spectral ogres (Depths:2)
  11 wights
  5 howler monkeys
  6 electric eels
  4 spectral centaurs (Depths:2)
  3 crimson imps
  2 bullfrog zombies (D:7)
  6 centaur zombies
  A quasit (D:8)
  6 bullfrog skeletons
  6 centaur skeletons
  A jelly (D:5)
  20 orc priests
  6 hounds
  An iron imp (Depths:3)
  50 orc wizards
  3 iguanas
  11 worker ants
  A big kobold zombie (Ossuary)
  8 mummies (Ossuary)
  7 gnolls
  A howler monkey skeleton (D:8)
  10 river rats
  18 adders
  7 shadow imps
  8 white imps (IceCv)
  7 ufetubi (IceCv)
  An adder zombie (D:6)
  An adder skeleton (D:5)
  3 worms (D:3)
  A dart slug (D:2)
  6 leopard geckos
  113 orcs
  7 ball pythons
  3 bats (D:1)
  11 giant cockroaches
  2 gnoll zombies (Ossuary)
  8 goblins
  6 hobgoblins
  18 jackals
  6 quokkas
  6 frilled lizards
  A giant cockroach zombie (D:6)
  A hobgoblin zombie (Ossuary)
  22 kobolds
  A kobold zombie (Ossuary)
  3 orc zombies (Ossuary)
  2 quokka skeletons
  30 rats
  2 plants
  4 tentacles (Shoals:4)
1888 creatures vanquished.

Vanquished Creatures (others)
  A deep elf knight (Elf:2)
  A deep elf mage (Elf:1)
  A spectral tarantella (Spider:4)
  5 dream sheep (D:4)
  A white imp (IceCv)
  An ufetubus (IceCv)
  2 orcs (Elf:3)
  17 fungi
  11 plants
  15 tentacles (Shoals:4)
55 creatures vanquished.

Grand Total: 1943 creatures vanquished

Notes
Turn   | Place    | Note
-------+----------+-------------------------------------------
     0 | D:1      | HuneSparrow the Minotaur Fighter began the quest for the
                  | Orb.
     0 | D:1      | Reached XP level 1. HP: 19/19 MP: 0/0
   179 | D:1      | Reached XP level 2. HP: 27/27 MP: 1/1
   211 | D:1      | Reached skill level 4 in Shields
   385 | D:1      | Reached XP level 3. HP: 31/33 MP: 2/2
   682 | D:2      | Found a sparkling altar of Nemelex Xobeh.
   765 | D:2      | Reached XP level 4. HP: 39/40 MP: 3/3
  1695 | D:3      | Reached XP level 5. HP: 47/47 MP: 4/4
  1722 | D:3      | Found a runed translucent door.
  1724 | D:3      | Noticed Banto's ghost (amateur DgWn)
  1951 | D:3      | Found a deep blue altar of Sif Muna.
  2172 | D:3      | Found a deep blue altar of Sif Muna.
  2353 | D:4      | Found an ornate altar of the Wu Jian Council.
  2413 | D:4      | Found Hyileopp's Magic Scroll Emporium.
  2416 | D:4      | Bought a scroll of teleportation for 42 gold pieces
  2416 | D:4      | Bought a scroll of blinking for 105 gold pieces
  2513 | D:4      | Noticed Blork the orc
  2523 | D:4      | Killed Blork the orc
  2523 | D:4      | Reached skill level 5 in Long Blades
  2523 | D:4      | Reached skill level 1 in Stealth
  2523 | D:4      | Reached skill level 5 in Shields
  2523 | D:4      | Reached XP level 6. HP: 55/55 MP: 5/5
  2550 | D:4      | Reached skill level 1 in Dodging
  2641 | D:4      | Found a burning altar of Makhleb.
  2705 | D:4      | Became a worshipper of Makhleb the Destroyer
  2743 | D:4      | Reached skill level 5 in Fighting
  2756 | D:4      | Noticed a dream sheep
  2756 | D:4      | Noticed a dream sheep
  2756 | D:4      | Noticed a dream sheep
  2756 | D:4      | Noticed a dream sheep
  2756 | D:4      | Noticed a dream sheep
  2756 | D:4      | Found a shimmering altar of Xom.
  2761 | D:4      | Killed a dream sheep
  2761 | D:4      | Killed a dream sheep
  2761 | D:4      | Killed a dream sheep
  2762 | D:4      | Killed a dream sheep
  2763 | D:4      | Killed a dream sheep
  3069 | D:5      | Entered Level 5 of the Dungeon
  3291 | D:5      | Found a staircase to the Ecumenical Temple.
  3372 | D:5      | Reached skill level 5 in Armour
  3376 | D:5      | Found a sand-covered staircase.
  3445 | Ossuary  | Entered an ossuary
  3599 | Ossuary  | HP: 2/56 [mummy (4)]
  3602 | Ossuary  | Reached XP level 7. HP: 3/61 MP: 6/6
  4177 | D:5      | Reached * piety under Makhleb
  4179 | D:5      | Found a white marble altar of Elyvilon.
  4453 | D:5      | Reached skill level 6 in Shields
  4453 | D:5      | Reached XP level 8. HP: 69/70 MP: 7/7
  4714 | D:5      | Noticed Pikel
  4813 | D:5      | Killed Pikel
  5148 | D:6      | Found a stormy altar of Qazlal.
  5258 | D:6      | Reached skill level 7 in Shields
  5259 | D:6      | Reached ** piety under Makhleb
  5283 | D:6      | Found a glowing drain.
  5411 | Sewer    | Entered a sewer
  5557 | Sewer    | Reached XP level 9. HP: 78/78 MP: 8/8
  5691 | Sewer    | Reached *** piety under Makhleb
  6042 | D:6      | Reached skill level 10 in Long Blades
  6047 | D:6      | Found a glowing silver altar of Zin.
  6064 | D:6      | Got a sparkling ruby amulet
  6065 | D:6      | Identified the amulet "Fur Junesk" {rF+ MR+ Regen+} (You
                  | found it on level 6 of the Dungeon)
  6120 | D:6      | Reached skill level 8 in Shields
  6260 | D:6      | Found a basalt altar of Yredelemnul.
  6704 | D:7      | Found an opulent altar of Gozag.
  6904 | D:7      | Found an ancient bone altar of Kikubaaqudgha.
  7073 | D:7      | Reached **** piety under Makhleb
  7192 | D:7      | Found a sacrificial altar of Ru.
  7331 | D:7      | Found a deep blue altar of Sif Muna.
  7383 | D:7      | Reached skill level 9 in Shields
  7527 | D:8      | Noticed a troll
  7555 | D:8      | Killed a troll
  7614 | D:8      | Noticed a two-headed ogre
  7863 | D:8      | Reached XP level 10. HP: 86/86 MP: 9/9
  8077 | D:8      | Gained mutation: Your magical capacity is low. (-10% MP)
                  | [potion of mutation]
  8077 | D:8      | Gained mutation: You possess an exceptional clarity of
                  | mind. [potion of mutation]
  8683 | D:8      | Got a vibrating copper ring
  8740 | D:8      | Identified the ring of the Burgomaster {rElec rN+++ Str+4
                  | Dex-5 Stlth+} (You found it on level 8 of the Dungeon)
  8788 | D:9      | Noticed a two-headed ogre
  8788 | D:9      | Identified the +8 scimitar of Takepeff {antimagic, rC+ MR+
                  | Str+2 Stlth-}
  8788 | D:9      | Noticed an orc knight
  8788 | D:9      | Noticed a two-headed ogre
  8792 | D:9      | Noticed a cyclops
  8793 | D:9      | Found a bloodstained altar of Trog.
  8793 | D:9      | Noticed a two-headed ogre
  8794 | D:9      | Noticed spacerossing's ghost (novice HOGl)
  8804 | D:9      | Noticed a moth of wrath
  8809 | D:9      | Found a transporter.
  8812 | D:9      | Found a transporter.
  9221 | D:9      | Reached skill level 10 in Shields
  9454 | D:10     | Entered Level 10 of the Dungeon
  9645 | D:10     | Reached ***** piety under Makhleb
  9785 | D:10     | Found a runed translucent gate.
  9785 | D:10     | Found a runed translucent gate.
  9785 | D:10     | Found a runed translucent gate.
  9786 | D:10     | Identified the +5 whip "Plog" {venom, rN++ Str+4}
  9787 | D:10     | Noticed chimenez's ghost (journeyman TrHu)
 10098 | D:10     | Found a staircase to the Orcish Mines.
 10230 | D:10     | You fall through a shaft!
 10270 | D:11     | Found a staircase to the Lair.
 10305 | D:10     | Got a heavily runed buckler
 10316 | D:10     | Identified the +3 buckler of Mirth {Str+4} (You found it on
                  | level 10 of the Dungeon)
 10555 | D:10     | Reached skill level 11 in Shields
 10891 | D:11     | Reached XP level 11. HP: 95/95 MP: 8/8
 11134 | D:11     | Reached skill level 12 in Shields
 11669 | D:12     | Got a faintly glowing steel ring
 11671 | D:12     | Identified the ring "Hecorr" {rCorr Int+2} (You found it on
                  | level 12 of the Dungeon)
 11692 | D:12     | Identified a scroll of acquirement
 12066 | D:12     | Reached skill level 10 in Armour
 12159 | D:12     | Reached ****** piety under Makhleb
 12658 | D:13     | Noticed a green ugly thing
 12663 | D:13     | Killed a green ugly thing
 12705 | D:13     | Noticed a five-headed hydra
 12715 | D:13     | Killed a ten-headed hydra
 12764 | D:13     | Reached XP level 12. HP: 105/105 MP: 9/9
 13162 | Lair:1   | Entered Level 1 of the Lair of Beasts
 13189 | Lair:1   | Reached XP level 13. HP: 111/111 MP: 10/10
 13190 | Lair:1   | Reached XP level 14. HP: 118/118 MP: 10/16
 13478 | Lair:1   | Reached skill level 15 in Long Blades
 14657 | Lair:3   | Found a hole to the Spider Nest.
 14668 | Lair:3   | Reached skill level 10 in Fighting
 14753 | Lair:3   | Reached skill level 13 in Shields
 15556 | Lair:4   | Noticed Sonja
 15568 | Lair:4   | Killed Sonja
 16019 | Lair:4   | Found a staircase to the Shoals.
 16124 | Shoals:1 | Entered Level 1 of the Shoals
 16283 | Lair:4   | Found a white marble altar of Elyvilon.
 17185 | Lair:5   | Got a distressingly furry ring mail
 17186 | Lair:5   | Identified the +7 ring mail "Foujaloh" {+Blink} (You found
                  | it on level 5 of the Lair of Beasts)
 17681 | Lair:6   | Entered Level 6 of the Lair of Beasts
 17689 | Lair:5   | Reached XP level 15. HP: 120/130 MP: 17/17
 17703 | Lair:5   | Reached skill level 14 in Shields
 17853 | Lair:6   | Found a staircase to the Slime Pits.
 17853 | Lair:6   | Found a viscous altar of Jiyva.
 19015 | Orc:1    | Entered Level 1 of the Orcish Mines
 19104 | Orc:1    | Found a roughly hewn altar of Beogh.
 19157 | Orc:1    | Noticed Jorgrun
 19180 | Orc:1    | Killed Jorgrun
 19253 | Orc:1    | Found a runed translucent door.
 19444 | Orc:1    | Noticed kevinv12000's ghost (journeyman SpEn)
 19555 | Orc:1    | Killed kevinv12000's ghost
 19830 | Orc:1    | Noticed Erolcha
 19836 | Orc:1    | Killed Erolcha
 20047 | Orc:2    | Entered Level 2 of the Orcish Mines
 20319 | Orc:2    | Found a runed translucent door.
 20319 | Orc:2    | Found a shimmering altar of Xom.
 20319 | Orc:2    | Noticed SanSoy's ghost (journeyman GnWn)
 20376 | Orc:2    | Killed SanSoy's ghost
 20376 | Orc:2    | Reached skill level 15 in Shields
 20633 | Orc:2    | Found a staircase to the Elven Halls.
 21146 | Orc:2    | Found a roughly hewn altar of Beogh.
 21177 | Orc:2    | Found Wikaerir's Antique Armour Shop.
 21177 | Orc:2    | Found Vymeut's Assorted Antiques.
 21228 | Orc:2    | Bought a bloodstained large shield for 237 gold pieces
 21238 | Orc:2    | Identified the +8 large shield of Negation {Stlth+} (You
                  | bought it in a shop on level 2 of the Orcish Mines)
 21329 | Orc:2    | Found Zail's Food Shop.
 21329 | Orc:2    | Found Ebepagh's Distillery.
 21367 | Orc:2    | Bought a potion of heal wounds for 70 gold pieces
 21367 | Orc:2    | Bought a potion of heal wounds for 70 gold pieces
 21367 | Orc:2    | Bought a potion of heal wounds for 70 gold pieces
 21367 | Orc:2    | Bought a potion of heal wounds for 70 gold pieces
 21367 | Orc:2    | Bought a potion of might for 56 gold pieces
 21404 | Orc:2    | Bought a runed plate armour for 806 gold pieces
 22141 | Shoals:1 | Reached XP level 16. HP: 143/143 MP: 17/17
 22857 | Shoals:2 | Noticed Donald
 23165 | Shoals:2 | Killed Donald
 23307 | Shoals:2 | Reached skill level 16 in Shields
 24471 | Shoals:3 | Found a frozen archway.
 24497 | IceCv    | Entered an ice cave
 24591 | IceCv    | Reached skill level 17 in Shields
 24630 | IceCv    | Got a pair of transparent gloves
 24641 | IceCv    | Identified the cursed +0 pair of gloves "Gosemoleto" {MR+
                  | Regen+ Slay-2 SInv} (You found it in an ice cave)
 24766 | IceCv    | Noticed an Ice Fiend
 24796 | IceCv    | Killed an Ice Fiend
 24843 | IceCv    | Noticed an Ice Fiend
 24864 | IceCv    | Killed an Ice Fiend
 24969 | IceCv    | Got a steaming demon trident
 25745 | Shoals:4 | Entered Level 4 of the Shoals
 26053 | Shoals:4 | Reached skill level 18 in Shields
 26188 | Shoals:4 | Got a barnacled rune of Zot
 26564 | Shoals:4 | Reached XP level 17. HP: 151/151 MP: 18/18
 26574 | Shoals:4 | Got a wavering silver ring
 26575 | Shoals:4 | Identified the ring of Uschygg {rF+ AC+5} (You found it on
                  | level 4 of the Shoals)
 26737 | Shoals:4 | Noticed a kraken
 26961 | Shoals:4 | Killed a kraken
 27346 | D:14     | Reached skill level 19 in Shields
 27473 | D:14     | Found a gate to the Vaults.
 27637 | D:14     | Found a snail-covered altar of Cheibriados.
 27652 | D:14     | Found an ornate altar of the Wu Jian Council.
 27882 | D:15     | Entered Level 15 of the Dungeon
 27931 | D:15     | Found Qeashroli's Food Boutique.
 28754 | D:15     | Found a staircase to the Depths.
 28878 | D:15     | Reached skill level 20 in Shields
 29111 | Elf:1    | Entered Level 1 of the Elven Halls
 29973 | Elf:1    | Found Plog's Armour Shoppe.
 30099 | Elf:1    | Identified Lipoini's Guide on Creative Attacks
 30715 | Elf:2    | Reached skill level 21 in Shields
 30755 | Elf:2    | Found a huge runed translucent gate.
 30755 | Elf:2    | Found a huge runed translucent gate.
 30755 | Elf:2    | Found a huge runed translucent gate.
 30761 | Elf:2    | Found a huge runed translucent gate.
 30761 | Elf:2    | Found a huge runed translucent gate.
 30930 | Elf:2    | Reached XP level 18. HP: 161/161 MP: 19/19
 32145 | Elf:3    | Entered Level 3 of the Elven Halls
 32291 | Elf:2    | Reached skill level 22 in Shields
 32651 | Elf:3    | Reached skill level 15 in Fighting
 32750 | Elf:3    | Found Uharorouwk's Antique Armour Shop.
 32761 | Elf:3    | Bought a glowing cloak for 352 gold pieces
 32911 | Elf:3    | Found Lathron's Distillery.
 32913 | Elf:3    | Found Vadoej's Assorted Antiques.
 32915 | Elf:3    | Found Buahy's Assorted Antiques.
 32925 | Elf:3    | Bought a coral ring for 170 gold pieces
 32998 | Elf:3    | Identified the +1 hand axe "Tamec" {flame, rElec rPois rN+
                  | Int-4}
 32998 | Elf:3    | Identified the amulet of Dimesch {Gourm *Slow rPois Slay+4}
 33335 | Elf:3    | Noticed an Ice Fiend
 33373 | Elf:3    | Identified the ring "Oshaotus" {rPois rN+ AC+3 Dex+4}
 33411 | Elf:3    | Reached skill level 23 in Shields
 33549 | Elf:3    | Identified the ring "Usapt" {rF+ Dex+4}
 33614 | Elf:3    | Identified the Almanac of Darkness and Calling
 33623 | Elf:3    | Identified Gyshroav's Grimoire of the Supportive Voyage
 33634 | Elf:3    | Identified the Disquisition on Glacial Moulding
 33795 | Elf:3    | Noticed Mara
 33797 | Elf:3    | Noticed HuneSparrow's illusion
 33844 | Elf:3    | Reached XP level 19. HP: 170/170 MP: 20/20
 34193 | Spider:1 | Entered Level 1 of the Spider Nest
 35997 | Spider:3 | Reached skill level 24 in Shields
 35997 | Spider:3 | Reached skill level 1 in Spellcasting
 35997 | Spider:3 | Reached XP level 20. HP: 180/180 MP: 21/21
 36000 | Spider:3 | Got a distressingly furry chain mail
 36001 | Spider:3 | Identified the +5 chain mail of Hangman {*Contam rPois MR++
                  | Str+2} (You found it on level 3 of the Spider Nest)
 36418 | Spider:4 | Entered Level 4 of the Spider Nest
 37434 | Spider:4 | Reached skill level 25 in Shields
 37587 | Spider:4 | Got a gossamer rune of Zot
 38051 | Depths:1 | Entered Level 1 of the Depths
 38247 | Depths:1 | Found a runed translucent door.
 38253 | Depths:1 | Noticed Yjatsa's ghost (adept DgCj)
 38319 | Depths:1 | Found a gateway to Hell.
 38408 | Depths:1 | Reached skill level 10 in Dodging
 38726 | Depths:1 | Found a one-way gate to the infinite horrors of the Abyss.
 38730 | Depths:1 | Reached XP level 21. HP: 188/188 MP: 22/22
 40002 | Depths:2 | Paralysed by a floating eye for 3 turns
 40202 | Depths:2 | Noticed Saint Roka
 40582 | Depths:2 | Killed Saint Roka
 40671 | Depths:2 | Noticed an ancient lich
 40686 | Depths:2 | Killed an ancient lich
 40788 | Depths:2 | Reached skill level 15 in Armour
 40812 | Depths:2 | Noticed Bai Suzhen
 40977 | Depths:2 | Killed Bai Suzhen
 41534 | Depths:2 | Reached XP level 22. HP: 201/201 MP: 23/23
 41833 | Depths:3 | Noticed Aizul
 41846 | Depths:3 | Killed Aizul
 42133 | Depths:3 | Reached XP level 23. HP: 209/209 MP: 24/24
 42326 | Depths:3 | Lost mutation: Your magical capacity is low. (-10% MP)
                  | [potion of mutation]
 42326 | Depths:3 | Gained mutation: You are somewhat resistant to further
                  | mutation. [potion of mutation]
 42326 | Depths:3 | Gained mutation: You expend magic power (3 MP) to
                  | strengthen your wands. [potion of mutation]
 42504 | Depths:3 | You are sucked into a shaft!
 42858 | Depths:3 | You are sucked into a shaft for 2 floors!
 42858 | Depths:5 | Entered Level 5 of the Depths
 43801 | Depths:4 | Found a gateway to a ziggurat.
 43905 | Depths:4 | Noticed Louise
 43921 | Depths:4 | Killed Louise
 44240 | Depths:5 | Found a huge runed gate.
 44240 | Depths:5 | Found a huge runed gate.
 44240 | Depths:5 | Found a huge runed gate.
 44240 | Depths:5 | Found a huge runed gate.
 44240 | Depths:5 | Found a huge runed gate.
 44240 | Depths:5 | Found a huge runed gate.
 44240 | Depths:5 | Found a huge runed gate.
 44240 | Depths:5 | Found a huge runed gate.
 44240 | Depths:5 | Found a huge runed gate.
 44240 | Depths:5 | Found a huge runed gate.
 44240 | Depths:5 | Found a huge runed gate.
 44240 | Depths:5 | Found a huge runed gate.
 44240 | Depths:5 | Found a huge runed gate.
 44240 | Depths:5 | Found a huge runed gate.
 44240 | Depths:5 | Found a huge runed gate.
 44240 | Depths:5 | Found a huge runed gate.
 44240 | Depths:5 | Found a huge runed gate.
 44240 | Depths:5 | Found a huge runed gate.
 44240 | Depths:5 | Found a huge runed gate.
 44240 | Depths:5 | Found a huge runed gate.
 44257 | Depths:5 | Noticed a caustic shrike
 44257 | Depths:5 | Noticed a juggernaut
 44267 | Depths:4 | Killed a caustic shrike
 45234 | Depths:5 | Noticed a juggernaut
 45234 | Depths:5 | a titan changed into a juggernaut
 45242 | Depths:5 | Killed a juggernaut
 45242 | Depths:5 | Reached XP level 24. HP: 225/225 MP: 27/27
 45326 | Depths:5 | Noticed Frederick
 45337 | Depths:5 | Killed Frederick
 45846 | Depths:5 | Found a gate to the Realm of Zot.
 46062 | Depths:4 | Killed a juggernaut
 46399 | Depths:1 | Found a runed translucent door.
 46487 | Depths:1 | Killed Yjatsa's ghost
 46579 | Depths:1 | Got a pitted marble ring
 46588 | Depths:1 | Identified the ring "Fafuo" {rN+ MR++} (You found it on
                  | level 1 of the Depths)
 46905 | Slime:1  | Entered Level 1 of the Pits of Slime
 46933 | Slime:1  | Gained mutation: Your body sometimes deteriorates upon
                  | taking damage. [a shining eye]
 48169 | Slime:3  | Gained mutation: Your body often deteriorates upon taking
                  | damage. [a shining eye]
 48341 | Slime:4  | Noticed Dissolution
 48350 | Slime:3  | Killed Dissolution
 48477 | Slime:4  | Reached XP level 25. HP: 238/238 MP: 27/27
 49131 | Slime:5  | Entered Level 5 of the Pits of Slime
 49372 | Slime:5  | Paralysed by a floating eye for 3 turns
 49382 | Slime:5  | Paralysed by a floating eye for 2 turns
 49388 | Slime:5  | Paralysed by a floating eye for 4 turns
 49389 | Slime:5  | Mangled by an azure jelly

Skill      XL: |  1  2  3  4  5  6  7  8  9 10 11 12 13 14 15 16 17 18 19 20 21 22 23 24 |
---------------+-------------------------------------------------------------------------+-----
Fighting       | 4 5 6 7 8 9 11 13 14 15 16 17 18 20 22 | 22.6
Shields        | 4 5 6 7 9 11 12 13 15 18 21 23 24 25 | 25.3
Armour         | 4 5 6 8 9 10 11 12 13 14 15 16 17 | 17.5
Long Blades    | 3 4 5 7 9 11 12 14 16 18 19 20 21 22 23 24 | 24.9
Stealth        | 1 |  1.0
Dodging        | 1 2 9 10 11 12 13 | 13.2
Evocations     | 6 7 |  7.0
Spellcasting   | 1 2 |  2.5

Action                   |  1- 3 |  4- 6 |  7- 9 | 10-12 | 13-15 | 16-18 | 19-21 | 22-24 | 25-27 || total
-------------------------+-------+-------+-------+-------+-------+-------+-------+-------+-------++-------
Melee: Long sword        |    74 |   175 |   484 |   532 |       |       |       |       |       ||  1265
       Headbutt          |     8 |    30 |   110 |   172 |   244 |   396 |   380 |   565 |    63 ||  1968
       Demon blade       |       |       |       |   228 |  1090 |  2127 |  1475 |  1687 |   154 ||  6761
 Abil: Stop Flying       |       |       |       |       |     2 |     3 |     1 |       |       ||     6
       Evoke Flight      |       |       |       |       |     2 |     2 |     2 |       |       ||     6
Evoke: Wand              |       |       |       |       |     2 |       |     2 |       |       ||     4
  Use: Scroll            |       |     1 |     5 |    18 |    13 |    11 |    10 |     7 |       ||    65
       Potion            |       |     1 |       |     5 |     1 |     1 |     3 |     2 |       ||    13
 Stab: Paralysed         |       |       |       |       |     5 |       |       |       |       ||     5
       Petrified         |       |       |       |       |     5 |       |       |       |       ||     5
       Distracted        |       |       |       |       |       |       |     1 |       |       ||     1
  Eat: Chunk             |       |     9 |    10 |    19 |    29 |    39 |    23 |    18 |       ||   147
       Ration            |       |       |     1 |       |     1 |     1 |     1 |     2 |     1 ||     7
Armor: Scale mail        |    39 |    31 |       |       |       |       |       |       |       ||    70
       Plate armour      |       |    37 |   206 |   387 |   352 |   395 |    59 |       |       ||  1436
       Chain mail        |       |       |       |       |       |       |   215 |   316 |    31 ||   562
Dodge: Dodged            |    28 |    31 |   101 |   172 |   212 |   231 |   205 |   274 |    14 ||  1268
       Deflected         |       |       |       |       |       |       |     6 |    28 |     5 ||    39
Block: Shield            |    32 |    87 |   212 |   478 |   453 |       |       |       |       ||  1262
       Large shield      |       |       |       |       |    46 |  2119 |  1781 |  1922 |   136 ||  6004
       Rpst.: Long sword |     7 |    10 |    32 |    49 |       |       |       |       |       ||    98
       Demon blade       |       |       |       |     9 |    50 |    36 |    39 |    48 |     2 ||   184
